Map: Oxide LE

Players

ViBE - Winner!

  • Race: Protoss Protoss
  • League: Diamond

PedoBiden

  • Race: Zerg Zerg
  • League: Platinum

VOD

Have the link to the VOD?

Description

Time

  • Played on: April 11, 2021, 11:44 p.m.
  • Length: 7:12
Show
View Real Time Build Order
Export as new Build Order

ViBE Protoss - Winner!

Build Orders: 1 Gate Expand 

Get SALT Encoding   

  12  0:00  Probe  
  13  0:12  Probe  
  14  0:20  Pylon  
  14  0:24  Probe  
  15  0:38  Probe (Chrono Boost)  
  15  0:39  Gateway  
  16  0:45  Assimilator  
  17  0:50  Probe (Chrono Boost)  
  17  0:55  Probe (Chrono Boost)  
  18  1:06  Probe  
  19  1:19  Probe  
  20  1:31  Probe  
  20  1:32  Nexus  
  21  1:36  Cybernetics Core  
  21  1:51  Probe  
  22  2:01  Assimilator  
  22  2:02  Pylon  
  22  2:03  Probe  
  23  2:16  Warp Gate  
  23  2:20  Stalker  
  25  2:23  Probe  
  25  2:28  Pylon  
  26  2:36  Probe  
  27  2:38  Robotics Facility  
  27  2:44  Probe  
  28  2:48  Probe  
  28  2:49  Gateway  
  29  2:54  Sentry  
  29  2:56  Probe  
  32  3:00  Assimilator, Probe  
  33  3:08  Probe (Chrono Boost)  
  33  3:12  Probe (Chrono Boost)  
  36  3:20  Probe (Chrono Boost)  
  36  3:21  Assimilator  
  36  3:23  Probe (Chrono Boost)  
  36  3:25  Immortal (Chrono Boost)  
  41  3:28  Probe (Chrono Boost)  
  41  3:30  Sentry  
  41  3:31  Probe  
  45  3:39  Probe  
  45  3:40  Pylon  
  46  3:50  Pylon  
  46  3:56  Probe x2  
  46  3:57  Immortal (Chrono Boost)  
  52  4:06  Sentry x2  
  52  4:09  Probe x2  
  58  4:18  Pylon  
  58  4:23  Probe x2  
  60  4:26  Immortal (Chrono Boost)  
  64  4:31  Sentry  
  64  4:32  Sentry  
  64  4:35  Probe  
  64  4:36  Probe  
  70  4:39  Pylon  
  70  4:47  Gateway  
  70  4:50  Gateway  
  70  4:55  Gateway  
  70  4:58  Observer (Chrono Boost)  
  71  5:04  Pylon  
  71  5:05  Sentry x2  
  75  5:07  Pylon  
  75  5:15  Pylon  
  75  5:16  Warp Prism (Chrono Boost)  
  77  5:26  Pylon  
  77  5:38  Stalker  
  77  5:39  Stalker  
  81  6:10  Stalker x5  
  85  6:38  Stalker  
  85  6:39  Stalker x4  
  95  6:51  Pylon  
  95  6:55  Pylon  
  95  6:58  Pylon  
  95  7:02  Zealot  
  95  7:03  Zealot x4  
Show
View Real Time Build Order
Export as new Build Order

PedoBiden Zerg 

Build Orders: Hatch First 

Get SALT Encoding   

  12  0:02  Drone  
  13  0:11  Drone  
  14  0:21  Overlord  
  14  0:48  Drone  
  14  0:49  Hatchery  
  14  1:00  Overlord  
  14  1:04  Drone x2  
  16  1:16  Drone  
  17  1:36  Extractor  
  16  1:44  Drone  
  16  1:45  Drone x2  
  16  1:46  Spawning Pool  
  18  2:03  Drone x2  
  20  2:09  Drone  
  21  2:27  Drone x3  
  24  2:33  Zergling x2  
  24  2:34  Hatchery  
  24  2:40  Zergling x2  
  24  2:43  Queen  
  27  3:04  Drone  
  27  3:05  Extractor  
  27  3:06  Drone x3  
  27  3:07  Drone  
  27  3:09  Drone  
  27  3:11  Queen  
  34  3:27  Drone x2  
  34  3:29  Overlord  
  34  3:32  Overlord  
  35  3:48  Overlord  
  35  3:51  Drone x3  
  38  3:58  Spine Crawler  
  38  3:59  Spore Crawler, Drone x5  
  41  4:03  Drone  
  41  4:06  Spore Crawler  
  41  4:07  Pneumatized Carapace  
  41  4:12  Queen  
  43  4:20  Drone x2  
  45  4:24  Drone  
  46  4:35  Evolution Chamber  
  46  4:37  Evolution Chamber  
  44  4:39  Drone x2  
  44  4:41  Extractor  
  44  4:43  Extractor, Drone  
  44  4:45  Drone x4  
  49  4:46  Drone x4  
  53  4:53  Queen  
  53  4:56  Overlord  
  55  5:02  Lair  
  55  5:07  Drone  
  55  5:09  Drone x4  
  60  5:14  Overlord  
  60  5:25  Zergling x12  
  66  5:30  Roach Warren  
  65  5:38  Spine Crawler  
  65  5:39  Spine Crawler  
  65  5:41  Spine Crawler  
  65  5:42  Spine Crawler x2  
  61  5:46  Spine Crawler  
  59  5:54  Zergling x10  
  58  6:05  Spine Crawler  
  58  6:06  Zergling x20  
  58  6:07  Zergling x4  
  68  6:22  Zergling x6  
  62  6:29  Zergling x4  
  62  6:30  Zergling x2  
Tags
 
Add a new tag
Caveats
  • Supply blocks, unpowered buildings, or Contaminate may cause inaccurate times.
  • Supply counts are checked every 10 seconds.